AoeStats
← mhilla73

Arena

510218185Analyzed
4v4 RM · 4d ago on Sep 30, 2026· 37m 49s· 8 players
Game mode
Random Map
Map size
Large (8 player)
Population
200
Speed
Normal
Resources
Standard
Victory
Conquest
Starting age
Dark Age
Ending age
Imperial Age
RankedLock teamsTeams togetherTeam positionsShared explorationLock speedFull tech treeHidden civsTurbo modeCheats
Victory
Defeat
🇺🇸 Italians · United States
1498
+8
🇺🇸 Cumans · United States
1277
+17
🇺🇸 Slavs · United States
1259
+18
🇺🇸 Khmer · United States
1197
+19
🇺🇸 Varangians · United States
1335
-17
🇺🇸 Saxons · United States
1330
-17
🇺🇸 Danes · United States
1330
-17
🇺🇸 Franks · United States
1196
-11
Movinup14
10:38 Feudal Age
11:38 Double-Bit Axe
14:30 Castle Age
14:30 Loom
15:32 Wheelbarrow
15:31 Bow Saw
15:29 Horse Collar
18:01 Town Watch
21:00 Heavy Plow
23:57 Hand Cart
24:24 Scale Mail Armor
24:35 Forging
25:03 Gold Mining
25:19 Town Patrol
26:11 Squires
27:30 Chain Mail Armor
27:50 Iron Casting
27:58 Gambesons
27:59 Arson
33:06 Imperial Age
33:19 Elite Varangian Guard
34:32 Plate Mail Armor
33:24 Gothikon
34:25 Conscription
35:28 Blast Furnace
Zalmon
11:44 Feudal Age
15:54 Castle Age
19:16 Wheelbarrow
18:27 Loom
25:51 Pikeman
28:04 Forging
29:35 Scale Mail Armor
29:52 Double-Bit Axe
31:49 Iron Casting
31:49 Stone Mining
31:51 Gold Mining
33:30 Husbandry
38:10 Imperial Age
Thire7
6:59 Loom
10:34 Feudal Age
11:51 Double-Bit Axe
14:23 Castle Age
15:32 Fletching
23:23 Bodkin Arrow
26:53 Wheelbarrow
26:03 Town Watch
26:46 Scale Mail Armor
27:47 Chain Mail Armor
29:10 Hand Cart
29:07 Bow Saw
28:41 Horse Collar
29:16 Crossbowman
33:15 Imperial Age
30:46 Pikeman
31:52 Ballistics
31:56 Gold Mining
32:18 Padded Archer Armor
32:44 Squires
33:46 Thumb Ring
33:58 Leather Archer Armor
33:36 Shield Wall
35:06 Fortified Wall
35:27 Bracer
35:31 Arbalester
Psalms18:2
10:56 Feudal Age
11:58 Double-Bit Axe
14:43 Castle Age
13:37 Horse Collar
20:14 Wheelbarrow
19:27 Loom
25:17 Bow Saw
29:17 Imperial Age
27:31 Hand Cart
29:26 Town Watch
29:21 Capped Ram
30:32 Conscription
30:23 Siege Ram
x_treme77
11:01 Feudal Age
15:27 Castle Age
14:42 Double-Bit Axe
14:39 Horse Collar
18:28 Bow Saw
20:47 Wheelbarrow
22:54 Loom
22:57 Loom
27:10 Imperial Age
25:30 Hand Cart
25:08 Gold Mining
25:11 Fletching
25:25 Town Watch
26:42 Bodkin Arrow
28:52 Chemistry
27:53 Bracer
27:55 Padded Archer Armor
27:44 Crossbowman
28:53 Silk Road
29:08 Ballistics
28:55 Arbalester
30:27 Leather Archer Armor
31:16 Heavy Plow
31:57 Conscription
32:07 Thumb Ring
34:29 Hoardings
35:18 Pirotechnia
37:46 Stone Mining
Divine
7:31 Loom
10:03 Feudal Age
11:24 Double-Bit Axe
11:20 Horse Collar
16:31 Wheelbarrow
19:55 Castle Age
20:24 Scale Barding Armor
20:29 Forging
20:54 Heavy Plow
21:05 Bow Saw
21:14 Hand Cart
21:16 Bloodlines
26:15 Light Cavalry
30:19 Imperial Age
30:09 Iron Casting
29:55 Chain Barding Armor
31:28 Cavalier
33:09 Plate Barding Armor
35:21 Blast Furnace
34:37 Paladin
35:59 Gold Mining
36:52 Caravan
36:31 Hussar
37:59 Conscription
mhilla73
12:48 Feudal Age
13:32 Double-Bit Axe
13:28 Horse Collar
15:22 Wheelbarrow
18:15 Castle Age
18:08 Bloodlines
21:09 Gold Mining
22:42 Forging
22:37 Scale Barding Armor
23:17 Loom
27:46 Iron Casting
32:37 Wheelbarrow
32:37 Heavy Plow
32:47 Husbandry
34:25 Hand Cart
34:55 Chain Barding Armor
40:00 Imperial Age
Nocnamania
4:40 Loom
4:48 Loom
10:47 Feudal Age
11:13 Man-at-Arms
13:25 Fletching
20:12 Castle Age
18:36 Double-Bit Axe
18:32 Horse Collar
20:45 Long Swordsman
30:07 Imperial Age
28:14 Wheelbarrow
27:51 Bow Saw
27:43 Heavy Plow
27:37 Gold Mining
28:15 Masonry
28:38 Town Watch
29:11 Hand Cart
29:59 Forging
30:56 Siege Engineers
30:36 Two-Handed Swordsman
32:21 Chemistry
31:43 Capped Ram
33:47 Iron Casting
33:46 Scale Mail Armor
36:29 Blast Furnace
34:55 Capped Ram
36:38 Two-Man Saw
Connection lost

Rejoining the realm…

Still unreachable

The connection could not be restored.

Session expired

The server has moved on; the page needs a fresh start.